AoeStats
← Beardsley McTurbanhead

Arena

510232836Analyzed
2v2 RM · 2d ago on Sep 30, 2026· 74m 45s· 4 players
Game mode
Random Map
Map size
Medium (4 player)
Population
200
Speed
Normal
Resources
Standard
Victory
Conquest
Starting age
Dark Age
Ending age
Imperial Age
RankedLock teamsTeams togetherTeam positionsShared explorationLock speedFull tech treeHidden civsTurbo modeCheats
Victory
Defeat
🇺🇸 Muisca · United States
832
+18
🇺🇸 Khitans · United States
827
+18
🇦🇺 Magyars · Australia
957
-21
🇦🇺 Italians · Australia
801
-15
LXXIII
12:19 Feudal Age
13:30 Double-Bit Axe
17:14 Castle Age
15:58 Domestication
16:55 Loom
18:58 Forging
18:54 Gambesons
19:10 Squires
22:43 Gold Mining
28:29 Stone Mining
29:09 Scale Mail Armor
31:16 Lamellar Armor
31:50 Chain Mail Armor
31:52 Pastoralism
32:51 Ballistics
33:03 Thumb Ring
32:36 Elite Skirmisher
34:32 Arson
36:08 Wheelbarrow
35:53 Bow Saw
36:20 Iron Casting
37:40 Fletching
37:51 Padded Archer Armor
41:23 Imperial Age
42:28 Elite Fire Lancer
45:00 Scale Barding Armor
45:04 Ordo Cavalry
45:36 Husbandry
44:57 Light Cavalry
46:59 Conscription
46:39 Hussar
51:59 Chain Barding Armor
54:05 Plate Barding Armor
59:10 Elite Fire Lancer
61:51 Plate Mail Armor
61:33 Town Watch
Gen
11:38 Feudal Age
15:35 Castle Age
14:49 Double-Bit Axe
14:46 Horse Collar
15:08 Scale Mail Armor
16:03 Forging
19:33 Sanctity
27:23 Padded Archer Armor
29:20 Wheelbarrow
30:10 Fletching
30:35 Leather Archer Armor
31:52 Ballistics
32:25 Hand Cart
31:55 Town Watch
31:56 Loom
32:10 Bodkin Arrow
37:13 Imperial Age
36:27 Town Patrol
37:24 Elite Guecha Warrior
38:08 Bracer
40:25 Chemistry
47:43 Conscription
60:09 Thumb Ring
60:09 Squires
67:23 Huaracas
Mclovin
10:26 Feudal Age
16:08 Castle Age
14:25 Horse Collar
15:29 Double-Bit Axe
16:49 Light Cavalry
18:24 Bloodlines
20:46 Husbandry
22:26 Fletching
25:19 Scale Barding Armor
27:55 Bodkin Arrow
29:33 Thumb Ring
31:02 Padded Archer Armor
32:30 Chain Barding Armor
32:50 Gold Mining
35:50 Imperial Age
33:44 Ballistics
33:26 Stone Mining
34:12 Gold Shaft Mining
33:56 Leather Archer Armor
35:47 Wheelbarrow
34:58 Loom
34:59 Town Watch
35:12 Treadmill Crane
35:48 Bow Saw
35:59 Corvinian Army
37:29 Parthian Tactics
38:00 Conscription
38:46 Chemistry
38:24 Recurve Bow
38:40 Bracer
38:33 Heavy Cavalry Archer
40:47 Ring Archer Armor
41:47 Elite Magyar Huszar
46:32 Siege Engineers
46:37 Masonry
46:24 Murder Holes
47:06 Hoardings
45:59 Hussar
47:16 Hand Cart
48:38 Plate Barding Armor
48:04 Scale Mail Armor
48:06 Heavy Plow
49:10 Two-Man Saw
48:30 Caravan
49:50 Sanctity
49:31 Devotion
49:56 Illumination
49:47 Block Printing
49:43 Fervor
49:29 Herbal Medicine
50:09 Theocracy
49:55 Heresy
50:07 Crop Rotation
49:09 Sappers
49:13 Elite Skirmisher
49:14 Crossbowman
49:46 Heated Shot
49:47 Guard Tower
50:08 Clinker Construction
50:42 Coinage
49:44 Cavalier
50:41 Arbalester
51:38 Careening
52:22 Banking
53:09 Dry Dock
53:10 Shipwright
53:58 Town Patrol
54:17 Chain Mail Armor
53:26 Capped Ram
53:46 Pikeman
54:13 Arson
59:00 Paladin
60:01 Man-at-Arms
60:07 Halberdier
63:42 Long Swordsman
63:46 Onager
Beardsley McTurbanhead
6:09 Loom
10:38 Feudal Age
11:08 Double-Bit Axe
11:48 Horse Collar
15:23 Castle Age
16:14 Bow Saw
20:49 Wheelbarrow
20:16 Heavy Plow
21:13 Town Watch
22:20 Gold Mining
22:20 Stone Mining
26:19 Stone Mining
26:47 Hand Cart
27:37 Town Patrol
28:38 Stone Shaft Mining
30:18 Thumb Ring
30:38 Ballistics
30:30 Fortified Wall
30:02 Treadmill Crane
30:33 Masonry
33:29 Imperial Age
31:07 Padded Archer Armor
30:57 Fletching
31:13 Scale Barding Armor
31:12 Scale Mail Armor
32:19 Murder Holes
35:14 Chemistry
34:49 Crop Rotation
35:41 Two-Man Saw
35:20 Conscription
37:00 Pirotechnia
37:12 Leather Archer Armor
36:53 Bodkin Arrow
37:14 Chain Mail Armor
37:10 Forging
37:04 Squires
36:50 Arson
41:59 Bracer
42:29 Ring Archer Armor
42:30 Plate Mail Armor
42:36 Iron Casting
43:21 Man-at-Arms
44:41 Caravan
45:05 Silk Road
44:43 Long Swordsman
45:08 Elite Genoese Crossbowman
46:24 Hoardings
46:16 Scale Barding Armor
46:45 Bombard Tower
46:56 Architecture
46:12 Arrowslits
46:18 Guard Tower
47:19 Coinage
47:00 Guilds
47:26 Two-Handed Swordsman
47:27 Pikeman
48:31 Champion
50:23 Keep
52:04 Banking
54:14 Blast Furnace
53:34 Chain Barding Armor
66:08 Capped Ram
66:09 Onager
Connection lost

Rejoining the realm…

Still unreachable

The connection could not be restored.

Session expired

The server has moved on; the page needs a fresh start.